 Dungeon Crawl Stone Soup version 0.18-a0-1797-gc18daef (webtiles) character file.

6686 Foomius the Reanimator (level 10, -4/76 (77) HPs)
             Began as a Demonspawn Necromancer on Apr 16, 2016.
             Was an Elder of Okawaru.
             Succumbed to a black mamba's poison
             ... on level 1 of the Lair of Beasts on Apr 22, 2016.
             The game lasted 02:00:05 (9732 turns).

Foomius the Reanimator (Demonspawn Necromancer)     Turns: 9732, Time: 02:00:06

HP:   -4/76 (77)    AC: 11    Str: 15    XL:     10   Next: 73%
MP:   15/15         EV: 15    Int: 19    God:    Okawaru [****..]
Gold: 1622          SH:  0    Dex: 13    Spells: 6 memorised, 4 levels left

rFire  . . .     SeeInvis +     a - +2 long sword (freeze)
rCold  + . .     Gourm    .     z - +2 robe {rC+}
rNeg   . . .     Faith    .     (no shield)
rPois  .         Spirit   +     w - +0 helmet
rElec  .         Dismiss  +     B - +0 cloak
rCorr  .         Reflect  .     V - +0 pair of gloves
SustAt .         Harm     .     (no boots)
MR     +....                    k - amulet of dismissal
Stlth  ++........               A - ring of protection from magic
                                U - ring of wizardry

@: mighty, lethally poisoned (-4 -> -78), somewhat resistant to hostile
enchantments, unstealthy
A: talons 2, iridescent scales 1, see invisible, low mp 1, powered by pain 2,
regeneration 1, magic shield, magic regeneration
a: Heroism, Renounce Religion


You were on level 1 of the Lair of Beasts.
You worshipped Okawaru.
Okawaru was greatly pleased with you.
You were not hungry.

You visited 3 branches of the dungeon, and saw 11 of its levels.
You also visited: Bailey.

You collected 1622 gold pieces.

Inventory:

Hand Weapons
 a - a +2 long sword of freezing (weapon)
 q - a +0 mace
 y - a +0 long sword
 X - a +0 blowgun
Missiles
 l - 23 poisoned needles
 o - 10 tomahawks (quivered)
 x - a throwing net
 R - 32 tomahawks of returning
Armour
 w - a +0 helmet (worn)
 z - a +2 robe of cold resistance (worn)
 B - a +0 cloak (worn)
 V - a +0 pair of gloves (worn)
Magical Staves
 b - an uncursed staff of death
Jewellery
 h - an uncursed ring of see invisible
 k - an amulet of dismissal (around neck)
 v - an uncursed ring of ice
 A - a ring of protection from magic (right hand)
 U - a ring of wizardry (left hand)
Wands
 i - a wand of heal wounds (3/9)
 Z - a wand of acid (0/15)
Scrolls
 e - a scroll of silence {unknown}
 g - a scroll of recharging
 j - 3 scrolls of fog
 m - 5 scrolls of noise {unknown}
 p - a scroll of fear
 C - a scroll of enchant weapon
 D - 6 scrolls of remove curse
 H - 2 scrolls of random uselessness {unknown}
 K - a scroll of enchant armour
 L - a scroll of immolation {unknown}
 S - 2 scrolls of identify
 T - 2 scrolls of magic mapping
 W - 2 scrolls of teleportation
 Y - a scroll of acquirement {unknown}
Potions
 t - a potion of cancellation {unknown}
 u - 2 potions of cure mutation
 O - a potion of berserk rage {unknown}
 P - 2 potions of agility
 Q - 2 potions of flight
Books
 G - a book of Maledictions

   Spells                             Type                      Level
   a - Corona                         Hexes                        1
   b - Ensorcelled Hibernation        Hexes/Ice                    2
   c - Confuse                        Hexes                        3
   d - Tukima's Dance                 Hexes                        3
   e - Dazzling Spray                 Conjuration/Hexes            3
 I - a Young Poisoner's Handbook

   Spells                             Type                      Level
   a - Sting                          Conjuration/Poison           1
   b - Cure Poison                    Poison                       2
   c - Mephitic Cloud                 Conjuration/Poison/Air       3
   d - Olgreb's Toxic Radiance        Poison                       4
   e - Venom Bolt                     Conjuration/Poison           5
 M - a book of Necromancy

   Spells                             Type                      Level
   a - Pain                           Necromancy                   1
   b - Animate Skeleton               Necromancy                   1
   c - Vampiric Draining              Necromancy                   3
   d - Regeneration                   Charms/Necromancy            3
   e - Animate Dead                   Necromancy                   4
   f - Control Undead                 Necromancy                   4
 N - a book of Death

   Spells                             Type                      Level
   a - Corpse Rot                     Necromancy                   2
   b - Sublimation of Blood           Necromancy                   2
   c - Agony                          Necromancy                   5
   d - Dispel Undead                  Necromancy                   5
   e - Excruciating Wounds            Charms/Necromancy            5
   f - Bolt of Draining               Conjuration/Necromancy       5
Miscellaneous
 n - a plain deck of war {drawn: 3}
Comestibles
 c - 5 bread rations
 d - 3 chunks of flesh
 s - 9 royal jellies
 E - 3 beef jerkies
 F - 5 meat rations
 J - 10 fruits


   Skills:
 - Level 6.7 Fighting
 + Level 6.2 Long Blades
 - Level 6.1 Dodging
 - Level 1.7 Stealth
 + Level 5.0 Spellcasting
 - Level 4.1 Conjurations
 - Level 2.3 Charms
 + Level 9.4 Necromancy
 - Level 1.7 Air Magic
 - Level 3.2 Invocations
 - Level 3.0 Evocations


You had 4 spell levels left.
You knew the following spells:

 Your Spells              Type           Power        Failure   Level  Hunger
a - Pain                  Necr           ####         1%          1    None
b - Animate Skeleton      Necr           N/A          1%          1    None
c - Control Undead        Necr           #####.....   1%          4    ####...
g - Regeneration          Chrm/Necr      ####......   1%          3    ##.....
m - Mephitic Cloud        Conj/Pois/Air  ##......     7%          3    ##.....
v - Vampiric Draining     Necr           #####.....   1%          3    ##.....


Dungeon Overview and Level Annotations

Branches:
Dungeon (9/15)             Temple (1/1) D:6            Lair (1/8) D:8
    Orc: D:9-12

Altars:
Ashenzari
Cheibriados
Dithmenos
Elyvilon
Fedhas
Gozag
Kikubaaqudgha
Makhleb
Nemelex Xobeh
Okawaru
Pakellas
Qazlal
Ru
Sif Muna
Trog
Vehumet
Xom
Yredelemnul
Zin
The Shining One
Lugonu


Innate Abilities, Weirdness & Mutations

You have razor-sharp toenails.
You are partially covered in iridescent scales (AC +4).
You sometimes gain power by taking damage.
When hurt, damage is shared between your health and your magic reserves.
You regenerate magic rapidly.
You have supernaturally acute eyesight.
Your magical capacity is low (-10% MP).
Your natural rate of healing is unusually fast.


Message History

You kill the black mamba!
Okawaru accepts your kill.
Your Spellcasting skill increases to level 5!
The bolt of acid hits the hippogriff.
The hippogriff is moderately wounded.
This wand has 0 charges left.
* * * LOW HITPOINT WARNING * * *
You feel extremely sick.
Drink which item? (? for menu, Esc to quit)
It was a potion of might.
You feel very mighty all of a sudden.
* * * LOW HITPOINT WARNING * * *
You feel extremely sick.
The hippogriff bites you but does no damage.
The hippogriff pecks you but does no damage.
The hippogriff misses you.
Unknown command.
Drink which item? (? for menu, Esc to quit)
It was a potion of magic.
Magic courses through your body.
You die...

##.###### #.......# ..#
#.......# #.. #.# ##<......##
#.# #.# #..:.>....# ..# #.#
##.......## #.# #.#
##........####.# #.#
#.........###.#.#####.####..
.............@H...............
#####.#.###..###.#.###.:......
#..## #.## ######......... #.#
#.# ##........ #. #.#
#........ # #.# #........ #..
......... #.# #........ #.#
.........


You could see a hippogriff.

Vanquished Creatures
  A faun (D:8)
  A black mamba (Lair:1)
  A two-headed ogre (D:9)
  A wyvern (D:8)
  Sigmund (D:6)
  A hippogriff (D:7)
  Menkaure (D:4)
  2 soldier ants (D:8)
  3 sky beasts
  8 orc warriors
  2 wasps (D:8)
  A necrophage (D:9)
  3 ice beasts
  3 phantoms
  4 ogres
  7 big kobolds (D:8)
  7 giant frogs
  4 scorpions
  3 wights
  2 howler monkeys (D:7)
  4 crimson imps (D:5)
  A centaur zombie (D:9)
  3 giant frog zombies
  A hound (D:8)
  A jelly (D:7)
  7 orc wizards
  A gnoll shaman (D:7)
  3 orc priests
  Crazy Yiuf (D:4)
  A centaur skeleton (D:4)
  3 iguanas
  10 worker ants
  Natasha (thrice) (D:4)
  A hound zombie (D:5)
  A hound skeleton (D:6)
  A howler monkey skeleton (D:6)
  6 adders
  8 gnolls
  A shadow imp (D:7)
  An adder skeleton (D:9)
  An adder zombie (D:6)
  4 worms
  10 dart slugs
  2 giant geckos
  29 orcs
  3 giant cockroaches
  9 goblins
  7 hobgoblins
  11 jackals
  2 quokkas
  3 ball pythons
  17 bats
  4 giant newts
  35 kobolds
  12 rats
263 creatures vanquished.

Vanquished Creatures (collateral kills)
  An eye of draining (D:8)
  3 big kobolds
  A wyvern zombie (D:7)
  2 wights (D:9)
  2 howler monkeys (D:7)
  A giant frog zombie (D:9)
  A giant frog skeleton (D:4)
  An orc wizard (D:6)
  2 gnolls (Bailey)
  2 dart slugs (D:4)
  An orc (D:9)
  A goblin (Bailey)
  A jackal (D:9)
  4 kobolds (D:9)
23 creatures vanquished.

Vanquished Creatures (others)
  An orc (D:5)
  A plant (Lair:1)
2 creatures vanquished.

Grand Total: 288 creatures vanquished

Notes
Turn   | Place    | Note
--------------------------------------------------------------
     0 | D:1      | Foomius the Demonspawn Necromancer began the quest for the Orb.
     0 | D:1      | Reached XP level 1. HP: 13/13 MP: 3/3
   328 | D:1      | Reached skill level 1 in Fighting
   328 | D:1      | Gained mutation: You have sharp toenails. [demonic ancestry]
   328 | D:1      | Reached XP level 2. HP: 16/21 MP: 3/5
   737 | D:1      | Reached skill level 5 in Necromancy
   853 | D:1      | Gained mutation: You sometimes gain a little power by taking damage. [demonic ancestry]
   853 | D:1      | Reached XP level 3. HP: 26/26 MP: 4/6
   858 | D:1      | Learned a level 3 spell: Regeneration
  1024 | D:1      | Upgraded the game from 0.18-a0-1778-gadce9fa to 0.18-a0-1784-ga939a68
  1340 | D:2      | Reached skill level 1 in Charms
  1448 | D:2      | Found a glowing golden altar of the Shining One.
  1455 | D:2      | Reached XP level 4. HP: 31/33 MP: 5/7
  2030 | D:3      | Upgraded the game from 0.18-a0-1784-ga939a68 to 0.18-a0-1788-g92de1ac
  2364 | D:3      | Gained mutation: You sometimes gain power by taking damage. [demonic ancestry]
  2364 | D:3      | Reached XP level 5. HP: 13/39 MP: 1/8
  2449 | D:2      | Learned a level 1 spell: Animate Skeleton
  2870 | D:3      | Reached skill level 6 in Necromancy
  2948 | D:4      | Noticed Natasha
  2954 | D:4      | Killed Natasha
  2966 | D:4      | Gained mutation: You have razor-sharp toenails. [demonic ancestry]
  2966 | D:4      | Reached XP level 6. HP: 31/47 MP: 1/9
  3025 | D:4      | Noticed Natasha
  3082 | D:4      | Noticed Crazy Yiuf
  3094 | D:4      | Killed Crazy Yiuf
  3137 | D:4      | Found a sacrificial altar of Ru.
  3388 | D:4      | Killed Natasha
  3394 | D:4      | Noticed Natasha
  3394 | D:5      | Entered Level 5 of the Dungeon
  3417 | D:5      | Found a sparkling altar of Nemelex Xobeh.
  3451 | D:4      | Killed Natasha
  3769 | D:4      | Reached skill level 7 in Necromancy
  3811 | D:4      | Noticed Menkaure
  3818 | D:4      | Killed Menkaure
  3818 | D:4      | Gained mutation: When hurt, damage is shared between your health and your magic reserves. [demonic ancestry]
  3818 | D:4      | Reached XP level 7. HP: 45/55 MP: 10/10
  4290 | D:4      | Reached skill level 5 in Fighting
  4624 | D:5      | Reached skill level 8 in Necromancy
  4659 | D:5      | Learned a level 3 spell: Vampiric Draining
  4766 | D:5      | Found a shadowy altar of Dithmenos.
  4845 | D:5      | Found a white marble altar of Elyvilon.
  4923 | D:5      | Reached skill level 1 in Long Blades
  4923 | D:5      | Gained mutation: You are partially covered in iridescent scales (AC +4). [demonic ancestry]
  4923 | D:5      | Reached XP level 8. HP: 39/64 MP: 6/11
  5237 | D:6      | Found a deep blue altar of Sif Muna.
  5240 | D:6      | Found a radiant altar of Vehumet.
  5246 | D:6      | Found an oddly glowing altar of Pakellas.
  5327 | D:6      | Noticed Sigmund
  5336 | D:6      | Found a shimmering altar of Xom.
  5444 | D:6      | Found a staircase to the Ecumenical Temple.
  5452 | Temple   | Entered the Ecumenical Temple
  5495 | Temple   | Became a worshipper of Warmaster Okawaru
  5768 | D:7      | Reached skill level 9 in Necromancy
  5989 | D:7      | Reached * piety under Okawaru
  5990 | D:7      | Upgraded the game from 0.18-a0-1788-g92de1ac to 0.18-a0-1797-gc18daef
  6011 | D:7      | Reached skill level 1 in Evocations
  6038 | D:6      | Found a blossoming altar of Fedhas.
  6038 | D:6      | Found a basalt altar of Yredelemnul.
  6045 | D:6      | Reached skill level 1 in Invocations
  6080 | D:7      | Gained mutation: You regenerate magic rapidly. [demonic ancestry]
  6080 | D:7      | Reached XP level 9. HP: 53/67 MP: 8/13
  6203 | D:7      | Gained mutation: Your magical capacity is low (-10% MP). [mutagenic meat]
  6204 | D:7      | Gained mutation: Your natural rate of healing is unusually fast. [mutagenic meat]
  6248 | D:7      | Found a stormy altar of Qazlal.
  6745 | D:6      | Learned a level 3 spell: Mephitic Cloud
  6810 | D:6      | Killed Sigmund
  6810 | D:6      | Reached ** piety under Okawaru
  7359 | D:8      | Noticed a hill giant
  7392 | D:8      | Reached skill level 1 in Conjurations
  7393 | D:8      | Noticed a faun
  7393 | D:8      | a hill giant changed into a faun
  7403 | D:8      | Killed a faun
  7615 | D:8      | Reached skill level 5 in Dodging
  7637 | D:8      | Reached XP level 10. HP: 67/73 MP: 7/14
  7643 | D:8      | Reached *** piety under Okawaru
  7691 | D:8      | Reached skill level 5 in Long Blades
  7817 | D:8      | You fall through a shaft!
  7898 | D:8      | Learned a level 4 spell: Control Undead
  7936 | D:8      | Found an ancient bone altar of Kikubaaqudgha.
  8022 | D:8      | Gained mutation: You have supernaturally acute eyesight. [potion of beneficial mutation]
  8214 | D:8      | Found a staircase to the Lair.
  8515 | D:9      | Found a flagged portal.
  8528 | Bailey   | Entered a bailey
  8648 | Bailey   | Reached skill level 1 in Air Magic
  8963 | D:9      | Found a sacrificial altar of Ru.
  9023 | D:9      | Reached **** piety under Okawaru
  9646 | Lair:1   | Entered Level 1 of the Lair of Beasts
  9646 | Lair:1   | Noticed a spiny frog
  9678 | Lair:1   | Noticed a seven-headed hydra
  9712 | Lair:1   | Noticed a black mamba
  9730 | Lair:1   | Killed a black mamba
  9730 | Lair:1   | Reached skill level 5 in Spellcasting
  9731 | Lair:1   | HP: 1/76 [poisoned by a black mamba]
  9732 | Lair:1   | Succumbed to a black mamba's poison

Vault maps used:
D:1:      minmay_arrival_arboretum_large, serial_park_tiny_pond
D:2:      tso_metal_star
D:3:      grunt_ministairs_9
D:4:      kennysheep_slugbush, lemuel_doored_altar, serial_forest,
          infiniplex_forest_straight_4, infiniplex_forest_straight_5,
          infiniplex_forest_lined_room_3, infiniplex_forest_end_2,
          infiniplex_forest_lined_room_2, infiniplex_forest_straight_4,
          infiniplex_forest_lined_2, infiniplex_forest_lined_ring,
          infiniplex_forest_clump_double, uniq_natasha, uniq_menkaure,
          uniq_crazy_yiuf_cottage
D:5:      nemelex_deck, nicolae_dithmenos_through_a_glass_darkly,
          elyvilon_altar_1, first_bread, st_stairs_5
D:6:      nicolae_overflow_hidden_temple, grunt_temple_overflow_open,
          xom_teletrap_fun, temple_doors_e, kennysheep_nondescript, st_stairs_4,
          uniq_sigmund
D:7:      overflow_temple_1_default, supply_closet_lemuel,
          kennysheep_generic_room_4
D:8:      lair_0_dummy, basic_altar, special_room, hangedman_pestilent_swarm,
          minmay_item_behind_shaft, minivault_26
D:9:      enter_bailey_3, nicolae_ru_great_annihilating_truth
Temple:   corrupted_temple
Lair:1:   minmay_holes, grunt_forest_stairs_basic
Bailey:   bailey_axe_4, bailey

Skill      XL: |  1  2  3  4  5  6  7  8  9 10 |
---------------+-------------------------------+-----
Fighting       | 1 2 3 4 5 6 |  6.7
Necromancy     | 5 6 7 8 9 |  9.4
Charms         | 1 2 |  2.3
Long Blades    | 1 3 4 6 |  6.2
Dodging        | 2 5 6 |  6.1
Evocations     | 1 3 |  3.0
Invocations    | 1 3 |  3.2
Spellcasting   | 3 4 5 |  5.0
Conjurations   | 2 4 |  4.1
Air Magic      | 1 |  1.7
Stealth        | |  1.7

Action                   |  1- 3 |  4- 6 |  7- 9 | 10-12 || total
-------------------------+-------+-------+-------+-------++-------
Melee: Short sword       |    55 |       |       |       ||    55
       Kick              |    12 |    26 |    69 |    48 ||   155
       Mace              |    32 |    36 |       |       ||    68
       Long sword        |       |    51 |    42 |     7 ||   100
       Falchion          |       |       |   292 |   237 ||   529
Throw: Stone             |    10 |    10 |     6 |       ||    26
       Tomahawk          |       |       |    12 |     6 ||    18
 Cast: Pain              |    43 |   112 |    83 |    53 ||   291
       Regeneration      |     1 |    14 |    23 |    14 ||    52
       Animate Skeleton  |       |     6 |    17 |    32 ||    55
       Vampiric Draining |       |       |    28 |    24 ||    52
       Control Undead    |       |       |       |    11 ||    11
       Mephitic Cloud    |       |       |       |     7 ||     7
Invok: Heroism           |       |       |       |     3 ||     3
Evoke: Wand              |    10 |     3 |    24 |     6 ||    43
       Deck              |       |       |     1 |     2 ||     3
  Use: Potion            |       |     3 |     4 |     6 ||    13
       Scroll            |       |       |    12 |     4 ||    16
 Stab: Sleeping          |     1 |       |       |     2 ||     3
       Distracted        |       |     1 |       |     1 ||     2
       Paralysed         |       |       |     2 |       ||     2
       Confused          |       |       |       |     2 ||     2
       Invisible         |       |       |       |     1 ||     1
  Eat: Chunk             |     3 |    12 |    11 |    13 ||    39
       Pizza             |       |       |     1 |       ||     1
       Beef jerky        |       |       |     1 |       ||     1
       Meat ration       |       |       |     1 |       ||     1
       Royal jelly       |       |       |     1 |       ||     1
Armor: Leather armour    |    24 |    19 |       |       ||    43
       Robe              |     1 |    20 |   133 |    85 ||   239
       Skin              |       |       |     6 |       ||     6
Dodge: Dodged            |    65 |    84 |   268 |   254 ||   671
